ESL (28 & UNDER)
INTERCOURSE AMISH @ NEWARK BULLDOGS
08/25/2028
 
TOP OF THE 1ST
Intercourse Amish batting - Pitching for Newark Bulldogs : LHP Vicente López
Pitching: LHP Vicente López
Batting: LHB Dave Reynolds 0-0: Ball
1-0: Called Strike
1-1: SOLO HOME RUN (Flyball, 78XD), Distance : 401 ft
Batting: SHB Ralph Robison 0-0: Ball
1-0: Foul Ball, location: 2F
1-1: Ball
2-1: Ball
3-1: Called Strike
3-2: Base on Balls
Batting: RHB Juan Estrada 0-0: Ball
1-0: Ball
2-0: Called Strike
2-1: Called Strike
2-2: Ball
3-2: Foul Ball, location: 2F
3-2: Fly out, F8 (Flyball, 8LM)
Batting: RHB Juan Caceres 0-0: Called Strike
0-1: Fly out, F8 (Flyball, 8LD)
Batting: LHB Tony O'Bryan 0-0: Called Strike
0-1: SINGLE (Groundball, 4D)
Ralph Robison to second
Batting: RHB Frank Maxwell 0-0: Called Strike
0-1: Fly out, F8 (Flyball, 8RS)
Top of the 1st over - 1 run(s), 2 hit(s), 0 error(s), 2 left on base; Intercourse 1 - Newark 0
BOTTOM OF THE 1ST
Newark Bulldogs batting - Pitching for Intercourse Amish : RHP Andrés Ruíz
Pitching: RHP Andrés Ruíz
Batting: RHB Peter Sexton 0-0: Called Strike
0-1: Swinging Strike
0-2: Strikes out looking
Batting: RHB Wilson Flores 0-0: Swinging Strike
0-1: Foul Ball, location: 2F
0-2: Strikes out swinging
Batting: LHB Gabriel Aragón 0-0: Called Strike
0-1: Called Strike
0-2: Fly out, F4 (Popup, 4D)
Bottom of the 1st over - 0 run(s), 0 hit(s), 0 error(s), 0 left on base; Intercourse 1 - Newark 0
TOP OF THE 2ND
Intercourse Amish batting - Pitching for Newark Bulldogs : LHP Vicente López
Batting: SHB Conan Hanson 0-0: Ball
1-0: Ball
2-0: Ball
3-0: Called Strike
3-1: Called Strike
3-2: Ground out 6-3 (Groundball, 6)
Batting: LHB Caleb Hall 0-0: Ball
1-0: Ball
2-0: Ball
3-0: Called Strike
3-1: Base on Balls
Batting: LHB Bruce Foster 0-0: Called Strike
0-1: Ball
1-1: Ball
2-1: Fly out, F7 (Flyball, 7S)
Batting: LHB Dave Reynolds 0-0: Called Strike
0-1: Foul Ball, location: 2F
0-2: Foul Ball, location: 2F
0-2: Ball
1-2: Strikes out swinging, 2-3 out at first.
Top of the 2nd over - 0 run(s), 0 hit(s), 0 error(s), 1 left on base; Intercourse 1 - Newark 0
BOTTOM OF THE 2ND
Newark Bulldogs batting - Pitching for Intercourse Amish : RHP Andrés Ruíz
Batting: RHB Tony Long 0-0: Ball
1-0: Ball
2-0: Ball
3-0: Called Strike
3-1: Base on Balls
Batting: LHB Wes Stone 0-0: Ball
1-0: Foul Ball, location: 2F
1-1: Ball
2-1: Ball
3-1: Swinging Strike
3-2: Strikes out swinging
Batting: LHB Wes Thompson 0-0: Ball
1-0: Called Strike
1-1: Ball
2-1: Grounds into double play, 4-6-3 (Groundball, 4)
Bottom of the 2nd over - 0 run(s), 0 hit(s), 0 error(s), 0 left on base; Intercourse 1 - Newark 0
TOP OF THE 3RD
Intercourse Amish batting - Pitching for Newark Bulldogs : LHP Vicente López
Batting: SHB Ralph Robison 0-0: DOUBLE (Line Drive, 9LM)
Batting: RHB Juan Estrada 0-0: Ball
1-0: Foul Ball, location: 2F
1-1: Swinging Strike
1-2: Strikes out swinging
Batting: RHB Juan Caceres 0-0: Ball
1-0: Called Strike
1-1: Ball
2-1: Called Strike
2-2: Ball
3-2: Base on Balls
Batting: LHB Tony O'Bryan 0-0: Ball
1-0: Ball
2-0: Ball
3-0: Base on Balls
Ralph Robison to third
Juan Caceres to second
Batting: RHB Frank Maxwell 0-0: Ball
1-0: Swinging Strike
1-1: Ball
2-1: SINGLE (Flyball, 34D)
Ralph Robison scores
Juan Caceres to third
Tony O'Bryan to second
Batting: SHB Conan Hanson 0-0: Ball
1-0: Fly out, F5 (Popup, 5L)
Batting: LHB Caleb Hall 0-0: Swinging Strike
0-1: Called Strike
0-2: Ball
1-2: Foul Ball, location: 2F
1-2: Foul Ball, location: 2F
1-2: Ball
2-2: Ball
3-2: Foul Ball, location: 2F
3-2: Base on Balls
Juan Caceres scores
Tony O'Bryan to third
Frank Maxwell to second
Batting: LHB Bruce Foster 0-0: Foul Ball, location: 2F
0-1: Called Strike
0-2: Ball
1-2: SINGLE (Line Drive, 89S)
Tony O'Bryan scores
Frank Maxwell to third
Caleb Hall to second
Batting: LHB Dave Reynolds 0-0: Ball
1-0: Called Strike
1-1: Called Strike
1-2: DOUBLE (Line Drive, 78D)
Frank Maxwell scores
Caleb Hall scores
Bruce Foster to third
Batting: SHB Ralph Robison 0-0: Ball
1-0: Foul Ball, location: 2F
1-1: Ball
2-1: Ground out 4-3 (Groundball, 4)
Top of the 3rd over - 5 run(s), 4 hit(s), 0 error(s), 2 left on base; Intercourse 6 - Newark 0
BOTTOM OF THE 3RD
Newark Bulldogs batting - Pitching for Intercourse Amish : RHP Andrés Ruíz
Batting: RHB Michael Skinner 0-0: Ball
1-0: Ball
2-0: SINGLE (Line Drive, 34D)
Batting: RHB Joe Baker 0-0: Ball
1-0: Foul Ball, location: 2F
1-1: Fly out, F8 (Line Drive, 89S)
Batting: RHB Stan Simpson 0-0: Ball
1-0: Ball
2-0: Ball
3-0: Base on Balls
Michael Skinner to second
Batting: RHB Peter Sexton 0-0: Called Strike
0-1: Ball
1-1: Grounds into double play, 6-4-3 (Groundball, 6)
Bottom of the 3rd over - 0 run(s), 1 hit(s), 0 error(s), 1 left on base; Intercourse 6 - Newark 0
TOP OF THE 4TH
Intercourse Amish batting - Pitching for Newark Bulldogs : LHP Vicente López
Pitching: RHP Jim Cook
Batting: RHB Juan Estrada 0-0: Fly out, F7 (Line Drive, 7D)
Batting: RHB Juan Caceres 0-0: Foul Ball, location: 2F
0-1: Swinging Strike
0-2: Foul Ball, location: 2F
0-2: Foul Ball, location: 2F
0-2: Strikes out swinging
Batting: LHB Tony O'Bryan 0-0: Ball
1-0: Ball
2-0: Ball
3-0: Base on Balls
Batting: RHB Frank Maxwell 0-0: Ball
1-0: Ball
2-0: Foul Ball, location: 2F
2-1: Foul Ball, location: 2F
2-2: Foul Ball, location: 2F
2-2: Ground out 6-3 (Groundball, 6S)
Top of the 4th over - 0 run(s), 0 hit(s), 0 error(s), 1 left on base; Intercourse 6 - Newark 0
BOTTOM OF THE 4TH
Newark Bulldogs batting - Pitching for Intercourse Amish : RHP Andrés Ruíz
Batting: RHB Wilson Flores 0-0: Ball
1-0: Swinging Strike
1-1: Foul Ball, location: 2F
1-2: Foul Ball, location: 2F
1-2: Ball
2-2: Strikes out looking
Batting: LHB Gabriel Aragón 0-0: Foul Ball, location: 2F
0-1: Foul Ball, location: 2F
0-2: Ball
1-2: Ball
2-2: Foul Ball, location: 2F
2-2: Fly out, F7 (Flyball, 7LMF)
Batting: RHB Tony Long 0-0: Called Strike
0-1: Swinging Strike
0-2: Ball
1-2: Strikes out looking
Bottom of the 4th over - 0 run(s), 0 hit(s), 0 error(s), 0 left on base; Intercourse 6 - Newark 0
TOP OF THE 5TH
Intercourse Amish batting - Pitching for Newark Bulldogs : RHP Jim Cook
Batting: SHB Conan Hanson 0-0: Called Strike
0-1: Foul Ball, location: 2F
0-2: Ball
1-2: Ball
2-2: Ball
3-2: Ground out U3 (Groundball, 34)
Batting: LHB Caleb Hall 0-0: Foul Ball, location: 2F
0-1: Ball
1-1: SINGLE (Line Drive, 6MD)
Batting: LHB Bruce Foster 0-0: Ball
Pickoff Throw to First - Out!
1-0: Ball
2-0: Swinging Strike
2-1: Foul Ball, location: 2F
2-2: Strikes out swinging
Top of the 5th over - 0 run(s), 1 hit(s), 0 error(s), 0 left on base; Intercourse 6 - Newark 0
BOTTOM OF THE 5TH
Newark Bulldogs batting - Pitching for Intercourse Amish : RHP Andrés Ruíz
Batting: LHB Wes Stone 0-0: Ball
1-0: Foul Ball, location: 2F
1-1: SINGLE (Line Drive, 6MD)
Batting: LHB Wes Thompson 0-0: Called Strike
0-1: Ball
1-1: Ball
2-1: Ball
Wild Pitch!
Wes Stone to second
3-1: Base on Balls
Batting: RHB Michael Skinner 0-0: Ball
1-0: Foul Ball, location: 2F
1-1: Fly out, F9 (Flyball, 9LM)
Batting: RHB Joe Baker 0-0: Called Strike
0-1: Foul Ball, location: 2F
0-2: Strikes out swinging
Batting: RHB Stan Simpson 0-0: Fly out, F8 (Flyball, 8RM)
Bottom of the 5th over - 0 run(s), 1 hit(s), 0 error(s), 2 left on base; Intercourse 6 - Newark 0
TOP OF THE 6TH
Intercourse Amish batting - Pitching for Newark Bulldogs : RHP Jim Cook
Batting: LHB Dave Reynolds 0-0: Called Strike
0-1: Fly out, F8 (Flyball, 8LM)
Batting: SHB Ralph Robison 0-0: Ball
1-0: Ball
2-0: Called Strike
2-1: Ball
3-1: Base on Balls
Batting: RHB Juan Estrada 0-0: Called Strike
0-1: Foul Ball, location: 2F
0-2: Strikes out swinging
Batting: RHB Juan Caceres 0-0: Foul Ball, location: 2F
0-1: Called Strike
0-2: Ball
1-2: DOUBLE (Line Drive, 78XD)
Ralph Robison to third
Batting: LHB Tony O'Bryan 0-0: Ball
1-0: Ball
2-0: Ball
3-0: Called Strike
3-1: Base on Balls
Batting: RHB Frank Maxwell 0-0: Ball
1-0: Fly out, F9 (Flyball, 89M)
Top of the 6th over - 0 run(s), 1 hit(s), 0 error(s), 3 left on base; Intercourse 6 - Newark 0
BOTTOM OF THE 6TH
Newark Bulldogs batting - Pitching for Intercourse Amish : RHP Andrés Ruíz
Batting: RHB Peter Sexton 0-0: Called Strike
0-1: Ball
1-1: Ball
2-1: Foul Ball, location: 2F
2-2: Hit by Pitch
Batting: RHB Wilson Flores 0-0: Foul Ball, location: 2F
0-1: Ball
1-1: Swinging Strike
1-2: Strikes out looking
Pitching: RHP Rafael Sánchez
Batting: LHB Gabriel Aragón 0-0: Called Strike
0-1: Ball
1-1: Ball
2-1: Foul Ball, location: 2F
2-2: Ball
3-2: SINGLE (Line Drive, 4MS) (infield hit)
Peter Sexton to second
Batting: RHB Tony Long 0-0: Called Strike
Peter Sexton is caught stealing 3rd base
Gabriel Aragón to second
0-1: Swinging Strike
0-2: Ball
1-2: Fly out, F4 (Popup, 4D)
Bottom of the 6th over - 0 run(s), 1 hit(s), 0 error(s), 1 left on base; Intercourse 6 - Newark 0
TOP OF THE 7TH
Intercourse Amish batting - Pitching for Newark Bulldogs : RHP Jim Cook
Pitching: RHP Roberto Cordero
Batting: SHB Conan Hanson 0-0: Foul Ball, location: 2F
0-1: Foul Ball, location: 2F
0-2: Foul Ball, location: 2F
0-2: Strikes out swinging
Batting: LHB Caleb Hall 0-0: Called Strike
0-1: Ball
1-1: Called Strike
1-2: Fly out, F9 (Flyball, 9S)
Batting: LHB Bruce Foster 0-0: Called Strike
0-1: Ball
1-1: Called Strike
1-2: Strikes out swinging
Top of the 7th over - 0 run(s), 0 hit(s), 0 error(s), 0 left on base; Intercourse 6 - Newark 0
BOTTOM OF THE 7TH
Newark Bulldogs batting - Pitching for Intercourse Amish : RHP Rafael Sánchez
Batting: LHB Wes Stone 0-0: Ball
1-0: Ball
2-0: Ball
3-0: Base on Balls
Batting: LHB Wes Thompson 0-0: Ball
1-0: Swinging Strike
1-1: Ball
2-1: Foul Ball, location: 2F
2-2: Strikes out looking
Batting: RHB Michael Skinner 0-0: Swinging Strike
0-1: Ball
1-1: Foul Ball, location: 2F
1-2: Ball
2-2: Ball
3-2: Base on Balls
Wes Stone to second
Batting: RHB Joe Baker 0-0: Foul Ball, location: 2F
0-1: Ball
1-1: Ball
2-1: Foul Ball, location: 2F
2-2: Foul Ball, location: 2F
2-2: Strikes out swinging
Batting: RHB Stan Simpson 0-0: Ball
1-0: Called Strike
1-1: Ground out 2-3 (Groundball, 2L)
Bottom of the 7th over - 0 run(s), 0 hit(s), 0 error(s), 2 left on base; Intercourse 6 - Newark 0
TOP OF THE 8TH
Intercourse Amish batting - Pitching for Newark Bulldogs : RHP Roberto Cordero
Batting: LHB Dave Reynolds 0-0: Ball
1-0: Reached on error, E8 (Flyball, 78M)
Batting: SHB Ralph Robison 0-0: Called Strike
0-1: Ball
1-1: Ball
2-1: Swinging Strike
2-2: Strikes out swinging
Batting: RHB Juan Estrada 0-0: Ball
1-0: Ball
2-0: Swinging Strike
2-1: Foul Ball, location: 2F
2-2: Ball
Dave Reynolds steals 2nd base
3-2: Strikes out looking
Batting: RHB Juan Caceres 0-0: Ball
1-0: Ball
2-0: SINGLE (Groundball, 56S) (infield hit)
Dave Reynolds to third
Batting: LHB Tony O'Bryan 0-0: Ball
1-0: Called Strike
1-1: Foul Ball, location: 2F
1-2: Strikes out swinging
Top of the 8th over - 0 run(s), 1 hit(s), 1 error(s), 2 left on base; Intercourse 6 - Newark 0
BOTTOM OF THE 8TH
Newark Bulldogs batting - Pitching for Intercourse Amish : RHP Rafael Sánchez
Now at 2B: Gabriel Stout
Batting: RHB Peter Sexton 0-0: Called Strike
0-1: Called Strike
0-2: Ball
1-2: Ball
2-2: Fly out, F7 (Flyball, 7LMF)
Pitching: LHP Justin Short
Batting: RHB Wilson Flores 0-0: Foul Ball, location: 2F
0-1: Called Strike
0-2: Ball
1-2: Foul Ball, location: 2F
1-2: Strikes out swinging
Batting: LHB Gabriel Aragón 0-0: Called Strike
0-1: Ball
1-1: Foul Ball, location: 2F
1-2: Ball
2-2: Foul Ball, location: 2F
2-2: Foul Ball, location: 2F
2-2: Ground out U3 (Groundball, 34)
Bottom of the 8th over - 0 run(s), 0 hit(s), 0 error(s), 0 left on base; Intercourse 6 - Newark 0
TOP OF THE 9TH
Intercourse Amish batting - Pitching for Newark Bulldogs : RHP Roberto Cordero
Batting: RHB Frank Maxwell 0-0: Ball
1-0: Called Strike
1-1: Foul Ball, location: 2F
1-2: Strikes out swinging
Batting: SHB Conan Hanson 0-0: Ball
1-0: Ball
2-0: Ball
3-0: Base on Balls
Batting: LHB Caleb Hall 0-0: Ball
1-0: Ball
2-0: Ball
3-0: Base on Balls
Conan Hanson to second
Batting: LHB Bruce Foster 0-0: Ball
1-0: Ball
2-0: Ball
3-0: Called Strike
3-1: Base on Balls
Conan Hanson to third
Caleb Hall to second
Batting: LHB Dave Reynolds 0-0: Ball
1-0: Foul Ball, location: 2F
1-1: Swinging Strike
1-2: Grounds into double play, 4-6-3 (Groundball, 4)
Top of the 9th over - 0 run(s), 0 hit(s), 0 error(s), 2 left on base; Intercourse 6 - Newark 0
BOTTOM OF THE 9TH
Newark Bulldogs batting - Pitching for Intercourse Amish : LHP Justin Short
Now in CF: Leon Heath
Batting: RHB Tony Long 0-0: SINGLE (Groundball, 6MD)
Batting: LHB Wes Stone 0-0: Called Strike
0-1: Foul Ball, location: 2F
0-2: Strikes out swinging
Batting: LHB Wes Thompson 0-0: Called Strike
0-1: Grounds into double play, 1-6-3 (Groundball, 13S)
Bottom of the 9th over - 0 run(s), 1 hit(s), 0 error(s), 0 left on base; Intercourse 6 - Newark 0
Tuesday, August 8th, 2017 - OOTP Baseball 17.12 Build 75